 Dungeon Crawl Stone Soup version 0.31-a0-1009-g454b1f1 (webtiles) character file.

Game seed: 15520580723389476576

840 soul123 the Spear-Bearer (level 8, 0/61 HPs)
             Began as a Merfolk Fighter on Nov 15, 2023.
             Slain by Menkaure (9 damage)
             ... on level 5 of the Dungeon.
             The game lasted 00:13:18 (4770 turns).

soul123 the Spear-Bearer (Merfolk Fighter)          Turns: 4770, Time: 00:13:18

Health: 0/61       AC:  9    Str: 19    XL:     8   Next: 0%
Magic:  0/8        EV: 10    Int:  7    God:
Gold:   357        SH:  5    Dex: 13    Spells: 7/7 levels left

rFire   . . .        a - +0 trident
rCold   . . .        c - +0 buckler
rNeg    . . .        A - +3 scale mail {Will+}
rPois   .            (no helmet)
rElec   .            (no cloak)
rCorr   .            (no gloves)
SInv    +            (no boots)
Will    +....        E - amulet of guardian spirit Stlth
                     q - ring of flight
HPRegen 0.30/turn    C - ring of see invisible
MPRegen 0.11/turn

%: guardian spirit
@: flying
A: (nimble swimmer 2), mertail
a: no special abilities


You were on level 5 of the Dungeon.
You visited 2 branches of the dungeon, and saw 6 of its levels.

You collected 357 gold pieces.

Inventory:

Hand Weapons
 a - a +0 trident (weapon)
 f - a +2 whip of electrocution
 k - a +2 short sword of venom
 D - a +1 dagger of flaming
Missiles
 w - 6 poisoned darts (quivered)
Armour
 b - a +0 scale mail
 c - a +0 buckler (worn)
 A - a +3 scale mail of willpower (worn)
 F - a +0 cloak
Jewellery
 q - a ring of flight (left hand)
 u - an amulet of reflection
 C - a ring of see invisible (right hand)
 E - an amulet of guardian spirit (around neck)
Talismans
 B - a maw talisman
Wands
 z - a wand of roots (9)
 G - a wand of flame (22)
Scrolls
 h - a scroll of noise {unknown}
 i - 4 scrolls of fear {unknown}
 j - 4 scrolls of fog {unknown}
 m - 2 scrolls of teleportation {unknown}
 o - a scroll of brand weapon {unknown}
 p - a scroll of enchant weapon {unknown}
 r - a scroll of immolation {unknown}
 s - a scroll of revelation {unknown}
 t - a scroll of silence {unknown}
 x - a scroll of vulnerability {unknown}
 y - 3 scrolls of identify {unknown}
 H - a scroll of acquirement {unknown}
 I - 2 scrolls of poison {unknown}
Potions
 d - 2 potions of might
 e - a potion of attraction {unknown}
 g - 2 potions of heal wounds {unknown}
 l - 3 potions of brilliance {unknown}
 n - 2 potions of curing
 v - 2 potions of magic {unknown}


   Skills:
 + Level 4.5 Fighting
 * Level 9.7 Polearms
 + Level 0.7 Throwing
 - Level 2.1 Armour
 + Level 2.7 Dodging
 + Level 0.5 Stealth
 + Level 3.5 Shields
 * Level 2.1 Shapeshifting


You had 7 spell levels left.
You didn't know any spells.
Your spell library contained the following spells:

 Spells                   Type           Power      Damage    Failure   Level
 Magic Dart               Conj           0%         1d3       87%         1
 Searing Ray              Conj           0%         2d4       95%         2
 Fulminant Prism          Conj/Hex       0%         3d5       100%        4


Dungeon Overview and Level Annotations

Branches:
Dungeon (5/15)             Temple (1/1) D:4

Altars:
Ashenzari
Cheibriados
Dithmenos
Elyvilon
Fedhas
Kikubaaqudgha
Makhleb
Nemelex Xobeh
Qazlal
Sif Muna
Vehumet
Wu Jian
Xom
Yredelemnul
The Shining One

Annotations:
D:5 Menkaure, Sigmund


Innate Abilities, Weirdness & Mutations

((You are very nimble when in or above water. (Stealth+, EV+, Speed+++)))
Your lower body shifts to a powerful aquatic tail in water.


Message History

Menkaure calls on the powers of darkness!
Your body is wracked with pain!
You are too injured to fight recklessly!
You are too injured to fight recklessly!
You are too injured to fight recklessly!
You are too injured to fight recklessly!
You completely miss Menkaure. Menkaure barely misses you.
You barely miss Menkaure. Menkaure misses you.
You barely miss Menkaure. You block Menkaure's attack.
You hit Menkaure.
Menkaure is moderately damaged.
You barely miss Menkaure.
Menkaure is moderately damaged.
Menkaure hits you.
You puncture Menkaure!
Menkaure is heavily damaged.
You hit Menkaure.
Menkaure is severely damaged.
Menkaure hits you!
* * * LOW HITPOINT WARNING * * *
You hit Menkaure but do no damage.
Menkaure is severely damaged.
Menkaure gestures at you while chanting.
Pain shoots through your body!
* * * LOW HITPOINT WARNING * * *
You barely miss Menkaure.
Menkaure is severely damaged.
You barely miss Menkaure.
Menkaure is severely damaged.
Menkaure mumbles some strange words.
Menkaure seems to speed up.
You hit Menkaure.
Menkaure is almost destroyed.
Menkaure calls on the powers of darkness!
Your body is wracked with pain!
* * * LOW HITPOINT WARNING * * *
You completely miss Menkaure.
Menkaure is almost destroyed.
Menkaure hits you!
You die...

#####
#...####################
#...#>..................
#...#.#####....########.
#...#.# #....# ## ##...#.#
#....# # #....#.##########
## # #....#..@...### .# #
#.##.####M##^.# ##P# #
#.##..[....##.# #.P #
#.#######..##†## #.######
#.# #......##.†###.#)†.##
#.###...M.)###†##.##)####
#.#....(...####^...#^.)##
#.#....(...#<##....#.P.##
####.....(....#.####.....^##


You could see Menkaure (fast).

Vanquished Creatures
  A water moccasin (D:4)
  A black bear (D:5)
  A phantom (D:4)
  2 scorpions (D:5)
  A jelly (D:5)
  Ijyb (D:3)
  6 iguanas
  An orc wizard (D:4)
  A gnoll (D:1)
  9 adders
  4 worms
  3 dart slugs
  12 orcs
  9 bats
  8 endoplasms
  4 giant cockroaches
  9 goblins
  5 hobgoblins
  4 jackals (D:5)
  4 quokkas
  8 ball pythons
  6 frilled lizards
  6 kobolds
  7 rats
113 creatures vanquished.

Notes
Turn   | Place    | Note
-------+----------+-------------------------------------------
     0 | D:1      | soul123 the Merfolk Fighter began the quest for the Orb.
     0 | D:1      | Reached XP level 1. HP: 18/18 MP: 1/1
   210 | D:1      | Reached skill level 3 in Polearms
   210 | D:1      | Reached XP level 2. HP: 24/24 MP: 2/2
   435 | D:1      | Reached XP level 3. HP: 29/30 MP: 3/3
   448 | D:1      | Reached skill level 4 in Polearms
   637 | D:1      | Found a faded altar of an unknown god.
   949 | D:2      | Reached XP level 4. HP: 32/37 MP: 4/4
   953 | D:2      | Reached skill level 1 in Dodging
  1146 | D:2      | Reached skill level 5 in Polearms
  1654 | D:2      | Reached XP level 5. HP: 19/42 MP: 5/5
  2542 | D:3      | Noticed Ijyb
  2554 | D:3      | Killed Ijyb
  2555 | D:3      | Reached skill level 6 in Polearms
  3056 | D:4      | Found a staircase to the Ecumenical Temple.
  3084 | D:4      | Noticed a water moccasin
  3096 | D:4      | Killed a water moccasin
  3097 | D:4      | Reached skill level 7 in Polearms
  3097 | D:4      | Reached skill level 1 in Shapeshifting
  3097 | D:4      | Reached XP level 6. HP: 48/48 MP: 6/6
  3103 | Temple   | Entered the Ecumenical Temple
  3361 | D:4      | Found a stormy altar of Qazlal.
  3670 | D:4      | Reached XP level 7. HP: 55/55 MP: 7/7
  3734 | D:4      | Reached skill level 8 in Polearms
  3812 | D:5      | Entered Level 5 of the Dungeon
  4112 | D:5      | Reached skill level 9 in Polearms
  4218 | D:5      | Noticed Sigmund
  4549 | D:5      | Reached XP level 8. HP: 56/61 MP: 6/8
  4743 | D:5      | Noticed Menkaure
  4770 | D:5      | Slain by Menkaure

Illustrated notes

Levels and vault maps discovered:
D:1:      minmay_arrival_widening_spiral_wide, layout_basic,
          shapermc_ecumenical_altar_mp_highgroup, minmay_octomino_e4
D:2:      layout_loops_ring, grunt_decor_junction, minivault_25,
          nrook_mini_vaults, minmay_liquid_box, minmay_misc_feat_encased,
          nicolae_half_adder
D:3:      layout_basic, grunt_ministairs_6, uniq_ijyb
D:4:      layout_basic, mainiacjoe_overflow_24_doors, temple_pool_b,
          minmay_misc_feat_more_columns
D:5:      old_forge, layout_basic, uniq_menkaure, uniq_sigmund
Temple:   dpeg_chambers_temple

Skill      XL: |  1  2  3  4  5  6  7 |
---------------+----------------------+-----
Polearms       | 3 4 5 7 9 |  9.7
Dodging        | 1 2 |  2.7
Fighting       | 4 |  4.5
Shapeshifting  | 1 2 |  2.1
Throwing       | |  0.7
Armour         | |  2.1
Stealth        | |  0.5
Shields        | |  3.5

Action                     |  1- 3 |  4- 6 |  7- 9 || total
---------------------------+-------+-------+-------++-------
  Melee: Trident           |    91 |   187 |   141 ||   419
  Throw: Dart              |       |     8 |     5 ||    13
    Use: Potion            |       |     1 |       ||     1
   Stab: Held in net/web   |       |       |     1 ||     1
 Armour: Scale mail        |    38 |    81 |    69 ||   188
  Dodge: Dodged            |    41 |    65 |    49 ||   155
  Block: Buckler           |    19 |    31 |    56 ||   106
         Reflection        |       |     1 |       ||     1

Table legend: (Time is in decaauts)
 A = Elapsed time spent in this place.
 B = Non-inter-level travel time spent in this place.
 C = Inter-level travel time spent in this place.
 D = Time resting spent in this place.
 E = Time spent auto-exploring this place.
 F = Levels seen in this place.
 G = Mean time per level.
                   A        B        C        D        E       F      G
               +--------+--------+--------+--------+--------+-----+--------+
         Total |   4771 |   4277 |    494 |      0 |   3407 |   6 |  795.2 |
       Dungeon |   4550 |   4274 |    276 |      0 |   3407 |   5 |  910.0 |
        Temple |    220 |      2 |    218 |      0 |      0 |   1 |  220.0 |
               +--------+--------+--------+--------+--------+-----+--------+

Top non-repeatable levels by time:
     D:3: 1166 daAuts
     D:2: 1050 daAuts
     D:5: 923 daAuts
     D:1: 847 daAuts
     D:4: 562 daAuts
  Temple: 220 daAuts
